 Dungeon Crawl Stone Soup version 0.21.1-1-g345015fe64 (webtiles) character file.

163 Oravi the Changer (level 5, -1/37 HPs)
             Began as a Merfolk Transmuter on May 15, 2018.
             Killed from afar by Ijyb (13 damage)
             ... with a wand of acid (9)
             ... on level 4 of the Dungeon.
             The game lasted 00:09:06 (3573 turns).

Oravi the Changer (Merfolk Transmuter)              Turns: 3573, Time: 00:09:06

Health: -1/37      AC:  2    Str: 10    XL:     5   Next: 44%
Magic:  5/8        EV: 21    Int: 14    God:
Gold:   169        SH:  0    Dex: 19    Spells: 2/8 levels left

rFire    . . .     SeeInvis .     - Unarmed
rCold    . . .     Gourm    .   (shield currently unavailable)
rNeg     . . .     Faith    .   (armour currently unavailable)
rPois    x         Spirit   .   (helmet currently unavailable)
rElec    .         Reflect  .   (cloak currently unavailable)
rCorr    .         Harm     .   (gloves currently unavailable)
MR       .....                  (boots currently unavailable)
Stlth    ++........             (no amulet)
HPRegen  0.12/turn              (no ring)
MPRegen  0.11/turn              (no ring)

@: spider-form (expiring)
A: tiny, (change form in water), (swift swim), (stealthy swim)
a: End Transformation


You were on level 4 of the Dungeon.
You were very hungry.
You were a venomous arachnid creature.
You visited 1 branch of the dungeon, and saw 4 of its levels.

You collected 169 gold pieces.

Inventory:

Hand Weapons
 l - a +0 spear of piercing
Missiles
 a - 44 arrows
Armour
 b - a +0 robe (melded)
Scrolls
 j - a scroll of remove curse
Potions
 e - 2 potions of lignification
 g - a potion of brilliance {unknown}
 h - 2 potions of curing
 i - a potion of degeneration {unknown}
 k - a potion of haste
Books
 c - a book of Changes

   Spells                             Type                      Level
   a - Beastly Appendage              Transmutation                1
   b - Sticks to Snakes               Transmutation                2
   c - Spider Form                    Transmutation/Poison         3
   d - Ice Form                       Ice/Transmutation            4
   e - Blade Hands                    Transmutation                5
Comestibles
 d - 6 rations


   Skills:
 - Level 1.1 Fighting
 - Level 2.6 Dodging
 + Level 5.1 Unarmed Combat
 - Level 2.2 Spellcasting
 - Level 5.2 Transmutations


You had 2 spell levels left.
You knew the following spells:

 Your Spells              Type           Power        Failure   Level  Hunger
a - Spider Form           Tmut/Pois      #.........   45%         3    ###....
b - Sticks to Snakes      Tmut           ###.....     13%         2    ###....
c - Beastly Appendage     Tmut           ###...       10%         1    #......


Dungeon Overview and Level Annotations

Branches:
Dungeon (4/15)
 Temple: D:4-7

Altars:
Sif Muna

Annotations:
D:3 DildoBatman's ghost, amateur FoWz
D:4 Ijyb; Whitewater's ghost, amateur MiBe


Message History

You are too injured to fight recklessly!
You are too injured to fight recklessly!
You are too injured to fight recklessly!
You are too injured to fight recklessly!
You are too injured to fight recklessly!
You are too injured to fight recklessly!
You are too injured to fight recklessly!
You are too injured to fight recklessly!
You are too injured to fight recklessly!
You are too injured to fight recklessly!
You are too injured to fight recklessly!
Ijyb closely misses you.
You hit Ijyb but do no damage. Ijyb misses you.
You hit Ijyb.
Ijyb is poisoned.
Ijyb is lightly wounded.
Your transformation is almost over.
You hit Ijyb.
Ijyb looks as sick as possible!
Ijyb is moderately wounded.
Ijyb zaps a wand.
The bolt of acid hits you!
You die...

#.#.# #.#.#
#.#.# #.#.#
#.#.# #.#.#
#.#.#
#.#########.#.#
#.....gs....#.#
###########.#.#
#.#.# #.#<#
#####


You could see Ijyb.

Vanquished Creatures
  Robin (D:2)
  3 adders
  3 gnolls (D:4)
  A howler monkey skeleton (D:4)
  6 dart slugs
  A leopard gecko (D:3)
  An orc (D:2)
  5 bats
  5 giant cockroaches
  14 goblins
  10 hobgoblins
  2 quokkas (D:2)
  2 ball pythons (D:1)
  12 frilled lizards
  3 kobolds
  A rat (D:2)
70 creatures vanquished.

Notes
Turn   | Place    | Note
-------+----------+-------------------------------------------
     0 | D:1      | Oravi the Merfolk Transmuter began the quest for the Orb.
     0 | D:1      | Reached XP level 1. HP: 15/15 MP: 3/3
   124 | D:1      | Reached XP level 2. HP: 9/21 MP: 3/5
   433 | D:1      | Reached XP level 3. HP: 14/26 MP: 4/6
   437 | D:1      | Learned a level 2 spell: Sticks to Snakes
   441 | D:1      | Learned a level 3 spell: Spider Form
  1254 | D:2      | Reached XP level 4. HP: 32/32 MP: 2/7
  1818 | D:2      | Noticed Robin
  1826 | D:2      | Killed Robin
  2337 | D:3      | Found a deep blue altar of Sif Muna.
  2498 | D:3      | Noticed DildoBatman's ghost (amateur FoWz)
  2847 | D:3      | Reached XP level 5. HP: 31/37 MP: 4/8
  3038 | D:4      | Reached skill level 5 in Transmutations
  3080 | D:4      | Reached skill level 5 in Unarmed Combat
  3470 | D:4      | Noticed Whitewater's ghost (amateur MiBe)
  3565 | D:4      | Noticed Ijyb
  3573 | D:4      | Killed from afar by Ijyb

Skill      XL: |  1  2  3  4  5 |
---------------+----------------+-----
Transmutations | 3 4 5 |  5.2
Unarmed Combat | 4 5 |  5.1
Fighting       | |  1.1
Dodging        | |  2.6
Spellcasting   | |  2.2

Action                   |  1- 3 |  4- 6 || total
-------------------------+-------+-------++-------
Melee: Unarmed           |    92 |   106 ||   198
       Headbutt          |     6 |       ||     6
 Cast: Beastly Appendage |     9 |       ||     9
       Spider Form       |     5 |    19 ||    24
  Use: Potion            |     1 |       ||     1
       Scroll            |       |     7 ||     7
 Stab: Sleeping          |       |     1 ||     1
  Eat: Chunk             |     3 |     9 ||    12
Armor: Robe              |     9 |    11 ||    20
       Skin              |       |     1 ||     1
Dodge: Dodged            |    68 |    86 ||   154
